AoeStats
← demultiplexor

Arena

510137897Analyzed
3v3 RM · 4d ago on Sep 29, 2026· 49m 57s· 6 players
Game mode
Random Map
Map size
Normal (6 player)
Population
200
Speed
Normal
Resources
Standard
Victory
Conquest
Starting age
Dark Age
Ending age
Imperial Age
RankedLock teamsTeams togetherTeam positionsShared explorationLock speedFull tech treeHidden civsTurbo modeCheats
Victory
Defeat
🇫🇷 Teutons · France
872
+14
🇺🇸 Cumans · United States
814
+17
🇹🇼 Wei · Taiwan
772
+18
🇨🇿 Khmer · Czechia
831
-17
🇨🇿 Romans · Czechia
829
-16
🇨🇿 Bohemians · Czechia
823
-16
TomasJ
10:37 Feudal Age
11:28 Feudal Age
15:44 Castle Age
15:22 Forging
15:16 Scale Mail Armor
15:44 Double-Bit Axe
15:54 Horse Collar
21:08 Loom
22:04 Wheelbarrow
21:47 Bow Saw
21:07 Pikeman
25:25 Forging
25:31 Chain Mail Armor
28:01 Iron Casting
28:42 Man-at-Arms
38:02 Long Swordsman
38:44 Squires
43:05 Ballistics
42:58 Masonry
43:35 Fortified Wall
demultiplexor
6:52 Loom
11:12 Feudal Age
11:39 Horse Collar
11:47 Double-Bit Axe
18:52 Castle Age
18:17 Wheelbarrow
23:51 Fervor
24:19 Bow Saw
29:03 Wagenburg Tactics
28:24 Pikeman
29:04 Squires
33:50 Imperial Age
31:47 Ballistics
33:55 Chemistry
32:51 Murder Holes
35:59 Two-Man Saw
36:12 Halberdier
37:38 Conscription
47:48 Scale Mail Armor
48:09 Forging
49:44 Hand Cart
49:45 Fortified Wall
lukasus
8:15 Loom
10:29 Feudal Age
11:07 Double-Bit Axe
11:04 Horse Collar
13:49 Bloodlines
15:19 Town Watch
16:36 Stone Mining
18:33 Gold Mining
22:22 Castle Age
21:42 Wheelbarrow
23:18 Light Cavalry
24:00 Husbandry
23:25 Pikeman
26:25 Elite Skirmisher
29:38 Tusk Swords
29:47 Murder Holes
30:04 Fortified Wall
30:18 Town Patrol
30:42 Hand Cart
30:58 Scale Barding Armor
31:04 Forging
31:54 Heavy Plow
32:07 Bow Saw
32:38 Stone Shaft Mining
39:11 Imperial Age
36:42 Town Patrol
39:33 Halberdier
39:56 Elite Battle Elephant
42:46 Conscription
43:32 Chain Barding Armor
43:48 Iron Casting
43:18 Fletching
44:04 Iron Casting
43:30 Padded Archer Armor
43:31 Scale Mail Armor
43:58 Ballistics
44:39 Chemistry
43:46 Siege Engineers
43:52 Masonry
pinkerton
10:55 Feudal Age
12:30 Double-Bit Axe
13:42 Horse Collar
17:48 Wheelbarrow
22:39 Castle Age
20:26 Loom
21:29 Bloodlines
22:52 Scale Barding Armor
22:58 Forging
22:39 Fletching
22:50 Padded Archer Armor
23:53 Thumb Ring
25:27 Gold Mining
25:59 Heavy Plow
26:10 Bow Saw
26:00 Bodkin Arrow
29:18 Chain Barding Armor
29:35 Iron Casting
29:16 Leather Archer Armor
29:20 Hand Cart
33:24 Imperial Age
31:22 Steppe Husbandry
32:23 Ballistics
32:01 Murder Holes
31:53 Light Cavalry
33:22 Squires
33:23 Stone Mining
33:21 Town Watch
34:23 Fervor
34:34 Sanctity
34:38 Conscription
34:53 Parthian Tactics
35:02 Ring Archer Armor
38:01 Chemistry
37:41 Plate Barding Armor
38:08 Blast Furnace
37:48 Heavy Cavalry Archer
40:03 Elite Kipchak
Rislo69
9:58 Feudal Age
10:26 Double-Bit Axe
10:25 Horse Collar
17:46 Castle Age
24:20 Bow Saw
24:12 Heavy Plow
30:49 Imperial Age
28:57 Wheelbarrow
28:09 Town Watch
28:13 Loom
30:00 Hand Cart
31:03 Stone Mining
31:04 Gold Mining
30:57 Cavalier
31:48 Bloodlines
32:35 Conscription
32:34 Caravan
33:26 Squires
33:11 Arson
34:10 Elite Teutonic Knight
35:41 Paladin
36:45 Scale Mail Armor
36:56 Forging
36:52 Scale Barding Armor
36:47 Padded Archer Armor
37:48 Ironclad
39:32 Iron Casting
39:12 Chain Mail Armor
39:42 Pikeman
40:08 Gambesons
43:47 Plate Mail Armor
44:18 Blast Furnace
43:39 Chain Barding Armor
43:35 Leather Archer Armor
49:56 Ring Archer Armor
50:02 Plate Barding Armor
Olala
6:56 Loom
9:56 Feudal Age
11:52 Double-Bit Axe
13:37 Wheelbarrow
17:20 Castle Age
17:53 Horse Collar
18:26 Bow Saw
19:52 Fervor
22:29 Tuntian
23:28 Heavy Plow
23:23 Gold Mining
24:32 Scale Barding Armor
27:34 Forging
29:13 Fortified Wall
28:46 Treadmill Crane
29:28 Ballistics
29:12 Town Watch
30:44 Iron Casting
30:51 Chain Barding Armor
31:11 Fletching
40:28 Imperial Age
40:53 Sanctity
46:33 Conscription
46:44 Ming Guang Armor
46:23 Pikeman
47:04 Squires
46:49 Arson
48:28 Hand Cart
48:13 Town Patrol
48:13 Stone Mining
49:36 Blast Furnace
48:39 Scale Mail Armor
48:10 Elite Tiger Cavalry
48:50 Murder Holes
49:43 Crop Rotation
50:35 Chemistry
50:40 Block Printing
50:50 Illumination
Connection lost

Rejoining the realm…

Still unreachable

The connection could not be restored.

Session expired

The server has moved on; the page needs a fresh start.